 Dungeon Crawl Stone Soup version 0.27-a0-607-g1ad3dbde53 (webtiles) character file.

Game seed: 5912069751888718645

17308 Allula97 the Cleaver (level 12, -5/84 HPs)
             Began as a Demonspawn Fighter on Mar 13, 2021.
             Was an Elder of Qazlal.
             Splashed by an oklob plant's acid (11 damage)
             ... on level 5 of the Lair of Beasts.
             The game lasted 00:30:30 (12175 turns).

Allula97 the Cleaver (Demonspawn Fighter)          Turns: 12175, Time: 00:30:31

Health: -5/84      AC: 15    Str: 20    XL:     12   Next: 17%
Magic:  0/18       EV: 13    Int: 11    God:    Qazlal [****..]
Gold:   761        SH:  5    Dex: 13    Spells: 11/11 levels left

rFire    . . .     SeeInvis .   o - +7 battleaxe (flame)
rCold    . . .     Faith    .   (shield currently unavailable)
rNeg     . . .     Spirit   +   I - +3 swamp dragon scales
rPois    +         Reflect  .   (helmet restricted)
rElec    .         Harm     .   y - +0 cloak
rCorr    .         Rampage  .   w - +1 pair of gloves
Will     +....     Rnd*Rage +   d - +2 pair of boots {Stlth+}
Stlth    +.........             (no amulet)
HPRegen  0.24/turn              (no ring)
MPRegen  0.32/turn              (no ring)

@: corroded, repel missiles
A: antennae 1, iridescent scales 2, berserk 1, frail 1, strong-willed 1, spiny
1, magic shield, magic regeneration, magic link
a: Renounce Religion, Upheaval, Elemental Force


You were on level 5 of the Lair of Beasts.
You worshipped Qazlal.
Qazlal was greatly pleased with you.
You visited 3 branches of the dungeon, and saw 14 of its levels.
You also visited: Volcano.

You collected 761 gold pieces.

Inventory:

Hand Weapons
 o - a +7 battleaxe of flaming (weapon)
 s - the +8 dagger of the Thieving Visionary {drain, rN+}
   (You found it on level 4 of the Dungeon)

   A truly terrible weapon, it drains the life of those it strikes.
   It protects you from negative energy.
Missiles
 C - a throwing net (quivered)
 J - 2 curare-tipped darts
Armour
 c - +0 fire dragon scales
 d - a +2 pair of boots of stealth (worn)
 u - a +0 plate armour
 w - a +1 pair of gloves (worn)
 y - a +0 cloak (worn)
 I - +3 swamp dragon scales (worn)
Wands
 l - a wand of mindburst (12)
 x - a wand of charming (9)
 D - a wand of random effects (27)
 G - a wand of flame (23)
Scrolls
 b - 2 scrolls of teleportation
 g - 2 scrolls of fear
 h - 3 scrolls of immolation
 j - 2 scrolls of fog
 q - 2 scrolls of magic mapping
 r - 2 scrolls of summoning
 z - 2 scrolls of blinking
 F - a scroll of amnesia
Potions
 a - a potion of brilliance
 e - a potion of resistance
 i - 2 potions of curing
 k - 2 potions of magic
 n - 3 potions of lignification
 p - a potion of heal wounds
 t - 3 potions of cancellation
 B - 4 potions of flight
 K - a potion of attraction


   Skills:
 * Level 8.3 Fighting
 * Level 11.0 Axes
 + Level 0.3 Throwing
 * Level 7.9 Armour
 * Level 6.5 Dodging
 - Level 7.1 Shields
 * Level 8.1 Invocations


You had 11 spell levels left.
You didn't know any spells.
Your spell library contained the following spells:

 Spells                   Type           Power      Damage    Failure   Level
 Freeze                   Ice            0%         1d3       50%         1
 Shock                    Conj/Air       0%         1d3       50%         1
 Swiftness                Air            0%         N/A       63%         2
 Frozen Ramparts          Ice            0%         1d2       86%         3
 Ozocubu's Armour         Ice            0%         N/A       86%         3
 Static Discharge         Conj/Air       0%         N/A       86%         3
 Airstrike                Air            0%         N/A       99%         4
 Hailstorm                Conj/Ice       0%         3d3       99%         4
 Summon Ice Beast         Ice/Summ       0%         N/A       99%         4
 Bolt of Magma            Conj/Fire/Erth 0%         4d4       100%        5
 Iskenderun's Battlesphe  Conj           0%         2d6       100%        5
 Lightning Bolt           Conj/Air       0%         1d11      100%        5
 Iron Shot                Conj/Erth      0%         9d1       100%        6
 Orb of Destruction       Conj           0%         N/A       100%        7
 Spellforged Servitor     Conj/Summ      0%         N/A       100%        7


Dungeon Overview and Level Annotations

Branches:
Dungeon (9/15)             Temple (1/1) D:7            Lair (5/6) D:9
 Spider (0/4) Lair:2      Volcano (visited)
  Swamp: Lair:2-4    Shoals: Lair:2-4     Slime: Lair:5-6       Orc: D:9-12

Altars:
Ashenzari
Cheibriados
Dithmenos
Elyvilon
Fedhas
Gozag
Hepliaklqana
Kikubaaqudgha
Makhleb
Nemelex Xobeh
Okawaru
Qazlal
Ru
Sif Muna
Trog
Uskayaw
Vehumet
Wu Jian
Xom
Yredelemnul
Zin
The Shining One

Annotations:
Lair:5 exclusion: 2 oklob plants


Innate Abilities, Weirdness & Mutations

You have a pair of small antennae on your head.
You are mostly covered in iridescent scales. (AC +4)
You are partially covered in sharp spines.
When hurt, damage is shared between your health and your magic reserves.
You regenerate magic rapidly.
When low on magic, you restore magic in place of health.
You tend to lose your temper in combat.
You are frail. (-10% HP)
You are strong-willed. (Will+)


Message History

The splash of acid hits you but does no damage.
You are splashed with acid!
The oklob plant spits acid at you. The splash of acid misses you.
You see here a +4 hand axe of electrocution.
The oklob plant spits acid at you. The splash of acid hits you!
You are splashed with acid!
A nearby plant withers and dies.
You hit the oklob plant but do no damage.
The oklob plant spits acid at you. The splash of acid hits you!
The acid corrodes you!
You are splashed with acid!
The oklob plant is engulfed in blazing flames.
The oklob plant spits acid at you.
The splash of acid is repelled.
The splash of acid hits the plant!
The plant is splashed with acid.
The plant begins to die.
You slash the oklob plant! You burn the oklob plant.
The oklob plant is moderately damaged.
The oklob plant is engulfed in blazing flames.
Unknown command.
You hit the oklob plant but do no damage.
The oklob plant is heavily damaged.
The oklob plant spits acid at you. The splash of acid hits you!
You are splashed with acid!
* * * LOW HITPOINT WARNING * * *
The oklob plant is engulfed in blazing flames.
Unknown command.
You slash the oklob plant! You burn the oklob plant.
The oklob plant is almost destroyed.
The oklob plant spits acid at you.
The splash of acid hits you but does no damage.
The acid corrodes you!
You are splashed with acid!
* * * LOW HITPOINT WARNING * * *
The oklob plant is engulfed in blazing flames. x2
You destroy the oklob plant!
Qazlal accepts your kill. The oklob plant spits acid at you.
The splash of acid hits you.
* * * LOW HITPOINT WARNING * * *
You are splashed with acid!
You die...

#.........##...#####
##.P.....#.....##.##
###.#.............#
##.(.............
#...#..P........
##...#.P........
#######.##......#.#.
#)°.}$P...##..#####.
#..@§°....P...# #.
#.}$$......P... P.
#P○P○)........# ###
#.[$(.P..P....#
#######.##.#... ..#
##... ..# .. ....
P...


You could see 2 oklob plants.

Vanquished Creatures
  A fire dragon (Volcano)
  Erolcha (D:9)
  A hydra (Lair:2)
  A two-headed ogre (D:8)
  A sixfirhy (D:8)
  A lindwurm (Volcano)
  2 oklob plants (Lair:5)
  2 molten gargoyles (Volcano)
  Maggie (D:7)
  7 cane toads (Lair:2)
  A rime drake (Lair:2)
  A demonic crawler (Lair:2)
  Prince Ribbit (D:5)
  10 blink frogs
  4 dream sheep (Lair:5)
  A basilisk (Lair:1)
  8 yaks (Lair:2)
  7 fire bats (Volcano)
  2 wyverns (Lair:2)
  3 water moccasins
  3 hell hounds (Volcano)
  An ice beast (D:5)
  2 orc warriors
  2 sky beasts
  7 ogres
  A centaur (D:6)
  2 necrophages (D:8)
  3 phantoms
  2 kobold brigands
  5 bullfrogs
  2 scorpions
  5 wights (D:6)
  10 howler monkeys
  A centaur zombie (D:8)
  5 lava snakes (Volcano)
  4 orc priests
  3 hounds
  A bullfrog skeleton (D:6)
  Jessica (D:2)
  Crazy Yiuf (D:4)
  3 iguanas (D:4)
  11 orc wizards
  7 worker ants
  A hound skeleton (D:8)
  7 gnolls (D:3)
  8 adders
  3 white imps
  6 ufetubi
  An ooze (D:3)
  4 worms
  2 dart slugs
  7 leopard geckos
  62 orcs
  2 ball pythons
  8 bats
  7 giant cockroaches
  7 hobgoblins
  9 jackals
  7 quokkas
  2 frilled lizards (D:2)
  3 goblins
  22 kobolds
  2 quokka zombies
  8 rats
316 creatures vanquished.

Vanquished Creatures (others)
  A blink frog (Lair:5)
  14 fungi
  35 plants
  3 withered plants (D:8)
53 creatures vanquished.

Grand Total: 369 creatures vanquished

Notes
Turn   | Place    | Note
-------+----------+-------------------------------------------
     0 | D:1      | Allula97 the Demonspawn Fighter began the quest for the
                  | Orb.
     0 | D:1      | Reached XP level 1. HP: 18/18 MP: 1/1
   121 | D:1      | Gained mutation: You are partially covered in iridescent
                  | scales. (AC +2) [demonic ancestry]
   121 | D:1      | Reached XP level 2. HP: 18/24 MP: 2/2
   545 | D:1      | Reached skill level 2 in Axes
   892 | D:2      | Reached XP level 3. HP: 29/29 MP: 3/3
   896 | D:2      | Noticed Jessica
   904 | D:2      | Killed Jessica
  1057 | D:2      | Gained mutation: You are partially covered in sharp spines.
                  | [demonic ancestry]
  1057 | D:2      | Reached XP level 4. HP: 32/34 MP: 4/4
  1394 | D:3      | Reached skill level 3 in Axes
  1394 | D:3      | Reached skill level 1 in Dodging
  1701 | D:3      | Gained mutation: You have a pair of small antennae on your
                  | head. [demonic ancestry]
  1701 | D:3      | Reached XP level 5. HP: 35/41 MP: 5/5
  1887 | D:3      | Found a burning altar of Makhleb.
  2475 | D:3      | Reached skill level 4 in Axes
  2475 | D:3      | Gained mutation: You regenerate magic rapidly. [demonic
                  | ancestry]
  2475 | D:3      | Reached XP level 6. HP: 36/48 MP: 6/6
  2553 | D:4      | Found a stormy altar of Qazlal.
  2815 | D:4      | Became a worshipper of Qazlal Stormbringer
  2911 | D:4      | Identified the +3 leather armour of Fun and Games {Will+}
  2925 | D:4      | Identified the +8 dagger of the Thieving Visionary {drain,
                  | rN+}
  3010 | D:4      | Reached XP level 7. HP: 38/54 MP: 7/7
  3211 | D:4      | Found a runed translucent door.
  3212 | D:4      | Noticed Crazy Yiuf
  3409 | D:4      | Killed Crazy Yiuf
  3452 | D:5      | Entered Level 5 of the Dungeon
  3538 | D:5      | Reached skill level 5 in Axes
  3538 | D:5      | Reached skill level 1 in Invocations
  3858 | D:5      | Noticed Prince Ribbit
  4254 | D:5      | Reached * piety under Qazlal
  4647 | D:5      | Killed Prince Ribbit
  4648 | D:5      | Reached XP level 8. HP: 54/61 MP: 9/9
  4717 | D:6      | Reached skill level 5 in Armour
  4899 | D:6      | Reached skill level 6 in Axes
  5016 | D:6      | Reached skill level 5 in Fighting
  5064 | D:6      | Found a sacrificial altar of Ru.
  5298 | D:6      | Reached ** piety under Qazlal
  5307 | D:6      | Gained mutation: When hurt, damage is shared between your
                  | health and your magic reserves. [demonic ancestry]
  5307 | D:6      | Reached XP level 9. HP: 68/68 MP: 11/11
  5509 | D:6      | Reached skill level 5 in Shields
  5517 | D:6      | Found a broken altar of Ashenzari.
  5875 | D:7      | Noticed Maggie
  5889 | D:7      | Killed Maggie
  6006 | D:7      | Found an ornate altar of the Wu Jian Council.
  6171 | D:7      | Found a staircase to the Ecumenical Temple.
  6179 | Temple   | Entered the Ecumenical Temple
  6766 | D:8      | Noticed a two-headed ogre
  6780 | D:8      | Killed a two-headed ogre
  6781 | D:8      | Reached skill level 7 in Axes
  6924 | D:8      | Found a runed translucent door.
  6924 | D:8      | Noticed a sixfirhy
  6944 | D:8      | Killed a sixfirhy
  6945 | D:8      | Reached skill level 5 in Invocations
  6945 | D:8      | Reached XP level 10. HP: 43/76 MP: 4/13
  6976 | D:8      | Reached *** piety under Qazlal
  7373 | D:8      | Reached skill level 8 in Axes
  7549 | D:8      | Found a blossoming altar of Fedhas.
  8362 | D:9      | Found a staircase to the Lair.
  8364 | D:9      | Noticed Erolcha
  8374 | D:9      | Killed Erolcha
  8416 | D:9      | Reached **** piety under Qazlal
  8590 | Lair:1   | Entered Level 1 of the Lair of Beasts
  8672 | Lair:1   | Reached skill level 5 in Dodging
  8680 | Lair:1   | Reached skill level 9 in Axes
  9451 | Lair:2   | Noticed a cane toad
  9462 | Lair:2   | Killed a cane toad
  9487 | Lair:2   | Gained mutation: You are mostly covered in iridescent
                  | scales. (AC +4) [demonic ancestry]
  9487 | Lair:2   | Reached XP level 11. HP: 66/83 MP: 11/15
  9664 | Lair:2   | Noticed a five-headed hydra
  9798 | Lair:2   | Found a dark tunnel.
  9803 | Volcano  | Entered a volcano
 10077 | Volcano  | Found a bloodstained altar of Trog.
 10077 | Volcano  | Noticed a lindwurm
 10083 | Volcano  | Reached skill level 10 in Axes
 10090 | Volcano  | Killed a lindwurm
 10100 | Volcano  | Noticed a fire dragon
 10124 | Volcano  | HP: 2/84 [fire dragon/blast of flame (11)]
 10142 | Volcano  | Killed a fire dragon
 11046 | Lair:2   | Found a hole to the Spider Nest.
 11103 | Lair:2   | Killed a three-headed hydra
 11246 | Lair:2   | Gained mutation: When low on magic, you restore magic in
                  | place of health. [demonic ancestry]
 11246 | Lair:2   | Reached XP level 12. HP: 58/92 MP: 11/17
 12051 | Lair:3   | You fall into a shaft and drop 2 floors!
 12111 | Lair:5   | Gained mutation: You tend to lose your temper in combat.
                  | [potion of mutation]
 12111 | Lair:5   | Gained mutation: You are frail. (-10% HP) [potion of
                  | mutation]
 12111 | Lair:5   | Gained mutation: You are strong-willed. (Will+) [potion of
                  | mutation]
 12124 | Lair:5   | Reached skill level 11 in Axes
 12175 | Lair:5   | Splashed by an oklob plant's acid

Illustrated notes

Levels and vault maps discovered:
D:1:      heliophobic_arrival_henge, layout_basic, st_stairs_3
D:2:      layout_rooms, uniq_jessica
D:3:      layout_basic, lemuel_round_altar
D:4:      layout_cave_pools, overflow_temple_1_default,
          kennysheep_generic_room_8, uniq_crazy_yiuf_cottage
D:5:      layout_basic, uniq_prince_ribbit1
D:6:      layout_loops_ring, general_overflow_altar,
          nicolae_ru_the_path_less_chosen
D:7:      layout_loops_ring, lemuel_crystal_altar, kennysheep_mini_moat,
          minmay_temple_entry_statues_pillars, chequers_serial_rivers_large_a,
          uniq_maggie
D:8:      cheibrodos_shockbox, layout_gridville, nicolae_overflow_crystal_walls,
          serial_undead, serial_undead_f, serial_undead_b, serial_undead_e,
          serial_undead_b, special_room [special_room_orc]
D:9:      layout_basic, lair_entry_dummy, uniq_erolcha
Temple:   nicolae_temple_x_marks_the_god
Lair:1:   layout_cave_shapes, lemuel_fruit_tree
Lair:2:   layout_cave_pods, nicolae_spider_entry_non_spiders,
          nicolae_volcano_entry_s_turn, serial_forest,
          infiniplex_forest_lined_3, infiniplex_forest_clump_medium,
          infiniplex_forest_lined_corner, infiniplex_forest_clump_curved,
          infiniplex_forest_corner_1, infiniplex_forest_lined_corner,
          beast_lair_carwin_1
Lair:3:   nzn_winding_woodlands_cross [nzn_winding_woodlands_5x15_pool,
          nzn_winding_woodlands_5x15_crooked, nzn_winding_woodlands_5x15_twine,
          nzn_winding_woodlands_5x15_jagged,
          nzn_winding_woodlands_15x15_thick_spiral], layout_misc_corridors
Lair:5:   layout_small_grid, dpeg_slime_entry_enclosed_altar,
          ebering_ghost_reflecting_pool, beast_lair_carwin_4,
          grunt_megastairs_3, minmay_lair_oklob_chamber

Skill      XL: |  1  2  3  4  5  6  7  8  9 10 11 12 |
---------------+-------------------------------------+-----
Armour         | 3 4 5 6 7 |  7.9
Axes           | 2 3 4 5 6 7 9 10 11 | 11.0
Shields        | 3 4 5 6 7 |  7.1
Dodging        | 1 2 3 4 5 6 |  6.5
Fighting       | 4 5 6 8 |  8.3
Invocations    | 2 3 5 6 7 8 |  8.1
Throwing       | |  0.3

Action                   |  1- 3 |  4- 6 |  7- 9 | 10-12 || total
-------------------------+-------+-------+-------+-------++-------
Melee: War axe           |    81 |   118 |    67 |   330 ||   596
       Dagger            |       |    15 |   185 |       ||   200
       Battleaxe         |       |       |       |    68 ||    68
Throw: Throwing net      |       |       |     3 |       ||     3
Invok: Upheaval          |       |       |     1 |     3 ||     4
       Elemental Force   |       |       |       |     1 ||     1
  Use: Scroll            |       |       |    15 |    16 ||    31
       Potion            |       |       |     3 |    15 ||    18
 Stab: Invisible         |       |       |       |     2 ||     2
Armor: Scale mail        |    59 |     1 |       |       ||    60
       Plate armour      |       |    92 |   110 |       ||   202
       Swamp dragon scal |       |       |    16 |   195 ||   211
Dodge: Dodged            |    34 |    22 |    40 |   179 ||   275
       Repelled          |       |       |       |     4 ||     4
Block: Kite shield       |    46 |    87 |   144 |   289 ||   566
       Other             |       |       |       |    26 ||    26

Table legend: (Time is in decaauts)
 A = Elapsed time spent in this place.
 B = Non-inter-level travel time spent in this place.
 C = Inter-level travel time spent in this place.
 D = Time resting spent in this place.
 E = Time spent auto-exploring this place.
 F = Levels seen in this place.
 G = Mean time per level.
                   A        B        C        D        E       F      G
               +--------+--------+--------+--------+--------+-----+--------+
         Total |  12419 |  11503 |    916 |    677 |   7694 |  15 |  827.9 |
       Dungeon |   8759 |   7996 |    763 |    214 |   5576 |   9 |  973.2 |
        Temple |     58 |     51 |      7 |      0 |     50 |   1 |   58.0 |
          Lair |   2536 |   2390 |    146 |     25 |   1748 |   4 |  634.0 |
       Volcano |   1065 |   1065 |      0 |    438 |    320 |   1 | 1065.0 |
               +--------+--------+--------+--------+--------+-----+--------+

Top non-repeatable levels by time:
  Lair:2: 1514 daAuts
     D:3: 1430 daAuts
     D:5: 1225 daAuts
     D:6: 1209 daAuts
     D:8: 1192 daAuts
 Volcano: 1065 daAuts
     D:1: 893 daAuts
     D:7: 880 daAuts
  Lair:1: 869 daAuts
     D:4: 700 daAuts
     D:9: 671 daAuts
     D:2: 556 daAuts
  Lair:5: 125 daAuts
  Temple: 58 daAuts
  Lair:3: 27 daAuts
